 Dungeon Crawl Stone Soup version 0.31.0-32-g396128a36d (webtiles) character file.

Game seed: 922366679092751920

112 TacoSundae the Changeling (level 4, -19/21 HPs)
             Began as a Vine Stalker Shapeshifter on Apr 5, 2024.
             Demolished by an ogre
             ... wielding a +0 giant club
              (23 damage)
             ... on level 4 of the Dungeon.
             The game lasted 00:05:21 (2430 turns).

TacoSundae the Changeling (VSSh)                    Turns: 2430, Time: 00:05:22

Health: -19/21     AC:  3    Str: 16    XL:     4   Next: 93%
Magic:  0/5        EV: 11    Int: 10    God:
Gold:   146        SH:  0    Dex: 16    Spells: 3/3 levels left

rFire   . .          .
                       - Unarmed
rCold   . . .        (no shield)
rNeg    . . .        k - +0 leather armour
rPois   .            (helmet currently unavailable)
rElec   .            (cloak currently unavailable)
rCorr   .            (gloves currently unavailable)
SInv    .            (boots currently unavailable)
Will    .....        (no amulet)
Stlth   +            (no ring)
HPRegen 1.03/turn    (no ring)
MPRegen 0.09/turn

%: guardian spirit
@: beast-form
A: beast (slay +2), fangs 2, regeneration 1, magic shield, antimagic bite, no
potion heal 2
a: Begin Untransformation


You were on level 4 of the Dungeon.
You were a hulking beast.
You visited 1 branch of the dungeon, and saw 4 of its levels.

You collected 146 gold pieces.

Inventory:

Hand Weapons
 j - a +3 short sword of electrocution
Armour
 k - a +0 leather armour (worn)
 l - a +0 helmet
Jewellery
 g - an amulet of faith
 n - a ring of poison resistance
Talismans
 c - a beast talisman
 d - a flux talisman
Wands
 t - a wand of digging (8)
Scrolls
 h - 2 scrolls of teleportation
 o - 2 scrolls of enchant weapon
Potions
 b - a potion of lignification
 e - 3 potions of attraction
 m - 3 potions of curing
 p - 2 potions of invisibility
 r - a potion of enlightenment {unknown}
 s - a potion of ambrosia {unknown}


   Skills:
 - Level 0.8 Fighting
 - Level 1.5 Dodging
 + Level 4.0 Unarmed Combat
 * Level 4.5 Shapeshifting


You had 3 spell levels left.
You didn't know any spells.
Your spell library contained the following spells:

 Spells                   Type           Power      Damage    Failure   Level
 Call Imp                 Summ           0%         N/A       56%         2
 Ensorcelled Hibernation  Hex/Ice        0%         N/A       56%         2
 Jinxbite                 Hex            0%         N/A       56%         2
 Sublimation of Blood     Necr           0%         N/A       56%         2
 Dazzling Flash           Conj/Hex       0%         N/A       80%         3
 Mephitic Cloud           Conj/Alch/Air  0%         N/A       80%         3
 Passwall                 Erth           0%         N/A       80%         3
 Stone Arrow              Conj/Erth      0%         3d7       80%         3
 Swiftness                Air            0%         N/A       80%         3
 Animate Armour           Summ/Erth      0%         N/A       99%         4
 Curse of Agony           Necr           0%         N/A       100%        5
 Silence                  Hex/Air        0%         N/A       100%        5
 Yara's Violent Unravell  Hex/Alch       0%         3d3       100%        5
 Enfeeble                 Hex            0%         N/A       100%        7
 Summon Hydra             Summ           0%         N/A       100%        7
 Lehudib's Crystal Spear  Conj/Erth      0%         10d2      100%        8


Dungeon Overview and Level Annotations

Branches:
Dungeon (4/15)
 Temple: D:4-7

Altars:
Uskayaw


Innate Abilities, Weirdness & Mutations

You are a hulking beast.
Your limbs bulge with bestial killing power. (Slay +2)
You have extremely sharp teeth.
Your natural rate of healing is unusually fast.
When hurt, damage is shared between your health and your magic reserves.
Your bite disrupts and absorbs the magic of your enemies.
Potions cannot restore your health.


Message History

You swap places.
You open the door.
There is an open door here.
You swap places.
Your hobgoblin dissolves into shadows!
You open the door.
You swap places.
You swap places.
Your endoplasm dissolves into shadows!
Your phantom dissolves into shadows!
Your orc dissolves into shadows!
You now have 146 gold pieces (gained 10).
An ogre and a goblin come into view.
The ogre shouts!
The goblin shouts!
The goblin hits you with a +0 dagger.
You punch the goblin!
You kill the goblin!
Okay, then.
Unknown command.
Okay, then.
Okay, then.
You swing at nothing.
You swing at nothing.
You swing at nothing.
You hit the ogre.
The ogre is moderately wounded.
The ogre closely misses you.
You hit the ogre. You bite the ogre. You drain its power.
The ogre is heavily wounded.
The ogre hits you with a +0 giant club!!
Ouch! That really hurt!
* * * LOW HITPOINT WARNING * * *
You punch the ogre!
The ogre is almost dead.
Unknown command.
You barely miss the ogre. You punch the ogre.
The ogre is almost dead.
The ogre hits you with a +0 giant club!!
Ouch! That really hurt!
You die...

,,,,,,,,...,,,,,#.....#...#***#+#
*****,**,...,,*##.....#...#,,,...
*,*,,,,..,,,..........#,,,...
*,**#.#.#.####....#...#,,,... *,*
#....O$..#....#...#***###
*,**#.##..##.#........# #
*,,,,....,*#........#.#######
****#.##,,*#O#...##........##
#,**.,*#h#...##...####.##
*,**...#.#############.##
*,,,.....................
******,.####...#########.##
*,,,,,,,* ###.##### #.#*
*,,,,,,** #.....# #.#* *,******
#####.### #.., *,,,,* #...#####*
*,,,,* #####..#####


You could see an ogre.

Vanquished Creatures
  A jelly (D:3)
  4 adders (D:3)
  A ribbon worm (D:2)
  A dart slug (D:3)
  2 orcs
  3 bats
  3 endoplasms
  2 giant cockroaches
  5 goblins
  2 hobgoblins
  4 kobolds
  A quokka (D:3)
  8 ball pythons
  A frilled lizard (D:2)
  3 rats
41 creatures vanquished.

Notes
Turn   | Place    | Note
-------+----------+-------------------------------------------
     0 | D:1      | TacoSundae the Vine Stalker Shapeshifter began the quest
                  | for the Orb.
     0 | D:1      | Reached XP level 1. HP: 9/9 MP: 2/2
   226 | D:1      | Found a faded altar of an unknown god.
   279 | D:1      | Reached XP level 2. HP: 14/14 MP: 3/3
   925 | D:2      | Reached XP level 3. HP: 15/17 MP: 2/4
  1105 | D:2      | Found a hide-covered altar of Uskayaw.
  1794 | D:3      | Reached XP level 4. HP: 17/21 MP: 3/5
  2417 | D:4      | Noticed an ogre
  2430 | D:4      | Demolished by an ogre

Illustrated notes

Levels and vault maps discovered:
D:1:      dpeg_arrival_simpleton_b, layout_basic,
          shapermc_ecumenical_altar_ellora, hangedman_decor_clover_reticule
D:2:      layout_basic, basic_altar, chequers_serial_rivers_micro_d
D:3:      layout_basic, minmay_puff
D:4:      layout_basic, kennysheep_generic_room_13

Skill      XL: |  1  2  3  4 |
---------------+-------------+-----
Shapeshifting  | 4 |  4.5
Unarmed Combat | 4 |  4.0
Fighting       | |  0.8
Dodging        | |  1.5

Action                     |  1- 3 |  4- 6 || total
---------------------------+-------+-------++-------
  Melee: Unarmed           |    70 |    22 ||    92
         Bite              |    13 |     7 ||    20
         Punch             |     1 |     2 ||     3
    Use: Scroll            |       |    10 ||    10
   Stab: Sleeping          |     1 |       ||     1
         Distracted        |       |     1 ||     1
 Armour: Animal skin       |     9 |       ||     9
         Leather armour    |    23 |    10 ||    33
  Dodge: Dodged            |    33 |     5 ||    38
